 Dungeon Crawl Stone Soup version 0.29.1-1-gd02db6906a (webtiles) character file.

Game seed: 7545403202571810932

27447 FollowTheCloud the Thaumaturge (level 13, -4/148 HPs)
             Began as a Gnoll Air Elementalist on Oct 21, 2022.
             Was an Initiate of Gozag.
             Slain by a manticore (9 damage)
             ... summoned by Kirke
             ... on level 4 of the Lair of Beasts.
             The game lasted 01:24:02 (25641 turns).

FollowTheCloud the Thaumaturge (GnAE)              Turns: 25641, Time: 01:24:03

Health: -4/148     AC:  0    Str:  9    XL:     13   Next: 32%
Magic:  0/26       EV: 18    Int: 19    God:    Gozag
Gold:   1871       SH:  0    Dex: 12    Spells: 7/31 levels left

rFire   . . .      SeeInvis .     - Unarmed
rCold   . . .      Faith    .   (shield currently unavailable)
rNeg    . . .      Spirit   +   (body armour currently unavailable)
rPois   .          Reflect  .   (helmet currently unavailable)
rElec   .          Harm     .   (cloak currently unavailable)
rCorr   .          Rampage  .   (gloves currently unavailable)
Will    .....                   (boots currently unavailable)
Stlth   ..........              O - amulet of guardian spirit
HPRegen 0.34/turn               (ring currently unavailable)
MPRegen 0.20/turn               (ring currently unavailable)

@: berserking (expiring), pig-form, spiked, very slightly contaminated, very
quick
A: fast, no casting, small, (fangs 1), strong nose, distributed training
a: Renounce Religion, Potion Petition, Call Merchant, Bribe Branch


You were on level 4 of the Lair of Beasts.
You worshipped Gozag.
Gozag was most pleased with you.
You were a filthy swine.
You visited 4 branches of the dungeon, and saw 16 of its levels.

You collected 2524 gold pieces.
You paid 653 gold pieces to Gozag.

Inventory:

Hand Weapons
 k - a +1 falchion of electrocution
 p - a +2 dagger of venom (melded)
Missiles
 x - 28 poisoned darts (quivered)
Armour
 c - a scarf of repulsion (melded)
 t - a +1 pair of gloves (melded)
 u - a +0 scale mail of fire resistance
 J - a +2 robe of fire resistance (melded)
 M - a +0 pair of boots (melded)
 W - a +2 helmet (melded)
Jewellery
 h - a ring of wizardry
 q - a +6 ring of strength
 L - a +4 ring of protection
 O - an amulet of guardian spirit (around neck)
 R - a ring of magical power (melded)
 Y - a ring of willpower (melded)
 Z - a ring of see invisible
Wands
 g - a wand of digging (4)
 y - a wand of polymorph (1)
 T - a wand of quicksilver (5)
 U - a wand of mindburst (14)
Scrolls
 e - 7 scrolls of identify
 j - 2 scrolls of enchant armour
 o - a scroll of acquirement
 r - 4 scrolls of fear {unknown}
 s - 2 scrolls of amnesia {unknown}
 w - 3 scrolls of summoning {unknown}
 A - 3 scrolls of enchant weapon {unknown}
 C - 2 scrolls of torment {unknown}
 G - 3 scrolls of teleportation {unknown}
 K - 2 scrolls of noise {unknown}
 N - 2 scrolls of blinking {unknown}
 S - 2 scrolls of poison {unknown}
 V - 2 scrolls of immolation {unknown}
 X - a scroll of magic mapping {unknown}
Potions
 a - a potion of flight
 b - 2 potions of magic
 d - 3 potions of might
 i - 2 potions of ambrosia
 l - 9 potions of curing
 n - a potion of haste
 z - 3 potions of resistance
 B - 2 potions of brilliance
 D - a potion of cancellation
 E - 2 potions of invisibility


   Skills:
 + Level 8.5 Fighting
 + Level 8.5 Short Blades
 + Level 8.5 Long Blades
 + Level 8.5 Axes
 + Level 8.5 Maces & Flails
 + Level 8.5 Polearms
 + Level 8.5 Staves
 + Level 8.5 Ranged Weapons
 + Level 8.5 Throwing
 + Level 8.5 Armour
 + Level 9.7 Dodging
 + Level 9.5 Stealth
 + Level 8.5 Shields
 + Level 8.5 Unarmed Combat
 + Level 9.9 Spellcasting
 + Level 7.4 Conjurations
 + Level 7.0 Hexes
 + Level 7.0 Summonings
 + Level 7.0 Necromancy
 + Level 7.0 Translocations
 + Level 7.0 Transmutations
 + Level 7.0 Fire Magic
 + Level 7.0 Ice Magic
 + Level 9.0 Air Magic
 + Level 7.0 Earth Magic
 + Level 7.0 Poison Magic
 + Level 9.3 Invocations
 + Level 8.5 Evocations


You had 7 spell levels left.
You knew the following spells:

 Your Spells              Type           Power      Damage    Failure   Level
a - Shock                 Conj/Air       100%       1d9       1%          1
b - Blink                 Tloc           72%        N/A       1%          2
c - Static Discharge      Conj/Air       40%        3-8/arc   1%          2
d - Airstrike             Air            21%        2d(4-20)  1%          4
e - Hailstorm             Conj/Ice       37%        3d9       3%          4
f - Irradiate             Conj/Tmut      18%        3d17      11%         5
q - Mephitic Cloud        Conj/Pois/Air  39%        N/A       1%          3
s - Swiftness             Air            43%        N/A       1%          3

Your spell library contained the following spells:

 Spells                   Type           Power      Damage    Failure   Level
 Apportation              Tloc           72%        N/A       1%          1
 Beastly Appendage        Tmut           72%        N/A       1%          1
 Magic Dart               Conj           100%       1d8       1%          1
 Call Imp                 Summ           36%        N/A       1%          2
 Sublimation of Blood     Necr           36%        N/A       1%          2
 Wereblood                Tmut           36%        N/A       1%          2
 Gell's Gravitas          Tloc           36%        N/A       1%          3
 Spider Form              Tmut/Pois      36%        N/A       1%          3
 Teleport Other           Tloc           36%        N/A       1%          3
 Ice Form                 Ice/Tmut       36%        N/A       4%          4
 Petrify                  Tmut/Erth      36%        N/A       4%          4
 Alistair's Intoxication  Tmut/Pois      24%        N/A       12%         5
 Manifold Assault         Tloc           36%        N/A       12%         5
 Dispersal                Tloc           18%        N/A       54%         6
 Storm Form               Tmut/Air       20%        N/A       93%         7
 Simulacrum               Ice/Necr       Unusable   N/A       N/A         6

Dungeon Overview and Level Annotations

Branches:
Dungeon (9/15)             Temple (1/1) D:7            Lair (5/5) D:9
 Shoals (1/4) Lair:3       Spider (0/4) Lair:2        Slime (0/5) Lair:4
    Orc: D:9-12

Altars:
Ashenzari
Cheibriados
Dithmenos
Elyvilon
Fedhas
Gozag
Hepliaklqana
Kikubaaqudgha
Makhleb
Nemelex Xobeh
Okawaru
Qazlal
Ru
Sif Muna
Trog
Uskayaw
Vehumet
Wu Jian
Xom
Yredelemnul
Zin
The Shining One
Jiyva

Shops:
D:2 !   D:4 (   Lair:4 *

Annotations:
Lair:1 3 runed translucent doors, Colgate's ghost, journeyman BaIE; GeoRichter's ghost, novice DsIE; PanSaczeczos's ghost, journeyman SpEE
Lair:4 Kirke


Innate Abilities, Weirdness & Mutations

You are a filthy swine.
You move quickly.
Your equipment is almost entirely melded.
You are incapable of wielding weapons or throwing items.
You cannot cast spells.
((You have very sharp teeth.))
Your uncanny sense of smell can sniff out nearby items.
Your experience applies equally to all skills.


Message History

You feel yourself moving faster!
You feel mighty!
Kirke gestures wildly while chanting.
Kirke flickers and vanishes!
Deactivating autopickup; reactivate with Ctrl-A.
The manticore bites you. The manticore closely misses you.
The manticore claws you! The manticore barely misses you.
The manticore completely misses you. The manticore claws you.
* * * LOW HITPOINT WARNING * * *
The barbs in your skin will harm you if you move.
Continue?
Okay, then.
The barbs in your skin will harm you if you move.
Continue? [Y]es or [N]o only, please.
The barbs in your skin will harm you if you move.
Continue?
Okay, then.
Unknown command.
You feel a strong urge to attack something.
You hear some strange, mumbled words.
Something summons a lindwurm!
The manticore bites you!
* * * LOW HITPOINT WARNING * * *
The manticore claws you.
* * * LOW HITPOINT WARNING * * *
The manticore claws you!
* * * LOW HITPOINT WARNING * * *
Unknown command.
The barbs in your skin will harm you if you move.
Continue?
You miss something. The manticore completely misses you.
The manticore claws you!
* * * LOW HITPOINT WARNING * * *
The manticore claws you.
* * * LOW HITPOINT WARNING * * *
Unknown command.
You bite something! Something hits you. The manticore bites you.
* * * LOW HITPOINT WARNING * * *
The manticore claws you.
* * * LOW HITPOINT WARNING * * *
The manticore barely misses you.
You bite something! The manticore misses you. The manticore barely misses you.
The manticore claws you!
You die...
Your body crumbles into a pile of gold.

#...........#.....
##...............#
##...###..........
#.................
##....P.....#.##.#
#....#......##..#
######.#.....P..###P..
####..#..H......#...##...
#......Hh{k..............
#...##.#####....#..#.##..
#.#####.# #.....P..####.
#.. ## #.###.P.###.#.
#h## #.##....#.#... ..#
#.#.#......... #h#
#.......####.# #@.
......## #.


YY# ##. You could see 2 manticores and a lindwurm (summoned).

Vanquished Creatures
  4 hydras
  A catoblepas (Lair:4)
  Pikel (D:4)
  A lindwurm (Lair:4)
  3 elephants (Lair:1)
  3 black mambas
  6 cane toads
  3 rime drakes
  An unseen horror (D:7)
  10 komodo dragons
  2 polar bears
  A hornet (D:8)
  15 blink frogs
  4 wyverns
  26 yaks
  A hog (Lair:4)
  A golden eye (Lair:4)
  A basilisk (Lair:4)
  A steam dragon (D:9)
  3 wargs
  12 water moccasins
  4 orc warriors
  5 ice beasts
  3 black bears
  2 ogres (D:7)
  7 wolves (Lair:1)
  4 lemures (D:5)
  5 centaurs
  2 phantoms
  2 kobold brigands (D:9)
  18 bullfrogs
  A gnoll sergeant (D:5)
  2 necrophages
  4 scorpions
  10 wights
  5 killer bees (D:9)
  2 howler monkeys
  10 electric eels (D:6)
  4 hounds
  2 jellies
  A gnoll bouda (D:5)
  4 orc priests
  Crazy Yiuf (D:6)
  2 iguanas
  Terence (D:2)
  14 orc wizards
  6 hell rats (Lair:4)
  A mummy (D:3)
  6 gnolls
  4 adders
  3 shadow imps
  3 white imps
  5 ufetubi
  3 worms
  5 dart slugs
  37 orcs
  8 ball pythons
  2 endoplasms
  5 giant cockroaches
  11 goblins
  8 hobgoblins
  9 jackals
  22 kobolds
  4 quokkas
  2 bats
  A frilled lizard (D:2)
  3 rats
  A bush (D:9)
364 creatures vanquished.

Vanquished Creatures (others)
  A bush (Lair:4)
  43 fungi
  46 plants
  4 withered plants (Lair:1)
94 creatures vanquished.

Grand Total: 458 creatures vanquished

Notes
Turn   | Place    | Note
-------+----------+-------------------------------------------
     0 | D:1      | FollowTheCloud the Gnoll Air Elementalist began the quest
                  | for the Orb.
     0 | D:1      | Reached XP level 1. HP: 13/13 MP: 6/6
   402 | D:1      | Reached XP level 2. HP: 19/19 MP: 5/7
   421 | D:1      | Found a faded altar of an unknown god.
   551 | D:1      | Learned a level 2 spell: Static Discharge
  1266 | D:2      | Reached skill level 5 in Spellcasting
  1266 | D:2      | Reached XP level 3. HP: 25/25 MP: 4/9
  1335 | D:2      | Found Marghupui's Distillery.
  1345 | D:2      | Reached skill level 1 in Invocations
  1414 | D:2      | Learned a level 3 spell: Swiftness
  1603 | D:2      | Reached skill level 1 in Fighting
  1603 | D:2      | Reached skill level 1 in Short Blades
  1603 | D:2      | Reached skill level 1 in Long Blades
  1603 | D:2      | Reached skill level 1 in Axes
  1603 | D:2      | Reached skill level 1 in Maces & Flails
  1603 | D:2      | Reached skill level 1 in Polearms
  1603 | D:2      | Reached skill level 1 in Staves
  1603 | D:2      | Reached skill level 1 in Ranged Weapons
  1603 | D:2      | Reached skill level 1 in Throwing
  1603 | D:2      | Reached skill level 1 in Armour
  1603 | D:2      | Reached skill level 1 in Shields
  1603 | D:2      | Reached skill level 1 in Unarmed Combat
  1603 | D:2      | Reached skill level 1 in Evocations
  1638 | D:2      | Reached XP level 4. HP: 32/32 MP: 6/11
  2002 | D:2      | Found a hide-covered altar of Uskayaw.
  2104 | D:2      | Noticed Terence
  2276 | D:2      | Reached skill level 1 in Hexes
  2276 | D:2      | Reached skill level 1 in Summonings
  2276 | D:2      | Reached skill level 1 in Necromancy
  2276 | D:2      | Reached skill level 1 in Translocations
  2276 | D:2      | Reached skill level 1 in Transmutations
  2276 | D:2      | Reached skill level 1 in Fire Magic
  2276 | D:2      | Reached skill level 1 in Ice Magic
  2276 | D:2      | Reached skill level 1 in Earth Magic
  2276 | D:2      | Reached skill level 1 in Poison Magic
  2666 | D:3      | Found a snail-covered altar of Cheibriados.
  2739 | D:3      | Learned a level 4 spell: Airstrike
  3220 | D:3      | Reached XP level 5. HP: 29/37 MP: 8/12
  4208 | D:2      | Killed Terence
  4861 | D:4      | Reached XP level 6. HP: 44/44 MP: 8/13
  4995 | D:4      | Learned a level 2 spell: Blink
  5083 | D:4      | Reached skill level 5 in Dodging
  5397 | D:4      | Found Zagotodi's Antique Weapon Shoppe.
  5726 | D:5      | Entered Level 5 of the Dungeon
  5833 | D:5      | Found a glowing golden altar of the Shining One.
  5969 | D:5      | Noticed an orc warrior
  5984 | D:5      | Reached XP level 7. HP: 20/51 MP: 12/15
  6346 | D:5      | Noticed Pikel
  6626 | D:5      | Reached skill level 5 in Stealth
  7174 | D:5      | Reached XP level 8. HP: 39/58 MP: 10/16
  8847 | D:5      | Reached XP level 9. HP: 65/65 MP: 6/18
  9151 | D:4      | Killed Pikel
  9836 | D:6      | Reached skill level 5 in Invocations
  9968 | D:6      | Found a sparkling altar of Nemelex Xobeh.
 10708 | D:6      | Found a runed translucent door.
 10709 | D:6      | Noticed Crazy Yiuf
 10715 | D:6      | Killed Crazy Yiuf
 11496 | D:7      | Reached skill level 5 in Fighting
 11496 | D:7      | Reached skill level 5 in Short Blades
 11496 | D:7      | Reached skill level 5 in Long Blades
 11496 | D:7      | Reached skill level 5 in Axes
 11496 | D:7      | Reached skill level 5 in Maces & Flails
 11496 | D:7      | Reached skill level 5 in Polearms
 11496 | D:7      | Reached skill level 5 in Staves
 11496 | D:7      | Reached skill level 5 in Ranged Weapons
 11496 | D:7      | Reached skill level 5 in Throwing
 11496 | D:7      | Reached skill level 5 in Armour
 11496 | D:7      | Reached skill level 5 in Shields
 11496 | D:7      | Reached skill level 5 in Unarmed Combat
 11496 | D:7      | Reached skill level 5 in Evocations
 11496 | D:7      | Reached XP level 10. HP: 74/74 MP: 14/20
 11576 | D:7      | Found a staircase to the Ecumenical Temple.
 11605 | Temple   | Entered the Ecumenical Temple
 11658 | Temple   | Became a worshipper of Gozag Ym Sagoz the Greedy
 11978 | D:7      | Killed an unseen horror
 12503 | D:7      | Reached skill level 5 in Conjurations
 13403 | D:8      | Found a shadowy altar of Dithmenos.
 13989 | D:8      | Found a large runed translucent door.
 13992 | D:8      | Found a large runed translucent door.
 14027 | D:8      | Found a bloodstained altar of Trog.
 14075 | D:8      | Found a broken altar of Ashenzari.
 15698 | D:9      | Learned a level 4 spell: Hailstorm
 15706 | D:9      | Reached skill level 5 in Hexes
 15706 | D:9      | Reached skill level 5 in Summonings
 15706 | D:9      | Reached skill level 5 in Necromancy
 15706 | D:9      | Reached skill level 5 in Translocations
 15706 | D:9      | Reached skill level 5 in Transmutations
 15706 | D:9      | Reached skill level 5 in Fire Magic
 15706 | D:9      | Reached skill level 5 in Ice Magic
 15706 | D:9      | Reached skill level 5 in Earth Magic
 15706 | D:9      | Reached skill level 5 in Poison Magic
 15770 | D:9      | Reached XP level 11. HP: 81/81 MP: 4/22
 16601 | D:9      | Learned a level 3 spell: Mephitic Cloud
 16702 | D:9      | Found a staircase to the Lair.
 17102 | Lair:1   | Entered Level 1 of the Lair of Beasts
 18676 | Lair:1   | Found a runed translucent gate.
 18676 | Lair:1   | Found a runed translucent gate.
 18676 | Lair:1   | Found a runed translucent gate.
 18820 | Lair:1   | Noticed Colgate's ghost (journeyman BaIE)
 18820 | Lair:1   | Noticed GeoRichter's ghost (novice DsIE)
 18821 | Lair:1   | Noticed PanSaczeczos's ghost (journeyman SpEE)
 18822 | Lair:1   | Found the +9 staff of Olgreb {rPois∞}
 19306 | Lair:1   | Reached XP level 12. HP: 86/91 MP: 22/24
 20973 | Lair:2   | Found a hole to the Spider Nest.
 21712 | Lair:2   | Learned a level 5 spell: Irradiate
 22335 | Lair:3   | Found a staircase to the Shoals.
 22705 | Lair:3   | Noticed a six-headed hydra
 22710 | Lair:3   | Killed a six-headed hydra
 23057 | Shoals:1 | Entered Level 1 of the Shoals
 23222 | Lair:4   | Noticed a four-headed hydra
 23265 | Lair:4   | Killed a four-headed hydra
 23572 | Lair:4   | Noticed a catoblepas
 23598 | Lair:4   | Killed a catoblepas
 23599 | Lair:4   | Reached XP level 13. HP: 91/98 MP: 3/26
 24462 | Lair:5   | Entered Level 5 of the Lair of Beasts
 24759 | Lair:3   | Identified a scroll of acquirement
 25069 | Lair:4   | Found a viscous altar of Jiyva.
 25069 | Lair:4   | Found a staircase to the Slime Pits.
 25607 | Lair:4   | Noticed Kirke
 25640 | Lair:4   | HP: 5/148 [manticore[Kirke] (3)]
 25641 | Lair:4   | Slain by a manticore

Illustrated notes

Levels and vault maps discovered:
D:1:      minmay_arrival_shattered_statue, layout_loops_corners,
          shapermc_ecumenical_altar_mp_ritualfount
D:2:      layout_rooms, serial_shops, shop, basic_altar, kennysheep_minor_cross,
          minivault_5, uniq_terence
D:3:      layout_loops_cross, slow_altar_2
D:4:      layout_loops_cross, serial_shops, nicolae_shop_advertising_works
          [nicolae_subvault_shop_adworks], nrook_mini_backslash
D:5:      cheibrodos_barr_body, layout_loops_cross, tso_metal_star,
          guppyfry_early_orc_mine, uniq_pikel
D:6:      layout_loops_ring, nemelex_diamond_rough_becter, serial_bayou,
          serial_bayou_pond_c, serial_bayou_ford_a, serial_bayou_lake_a,
          serial_bayou_shore_b, nicolae_elevator_lobby_plus,
          uniq_crazy_yiuf_cottage
D:7:      minmay_octagon_keep, layout_cave_pools, minmay_temple_entry_junction,
          serial_column_ruins, column_ruins_hut, column_ruins_square_medium,
          column_ruins_grid_1, column_ruins_corridor_straight,
          column_ruins_corridor_straight, column_ruins_columns_corner,
          column_ruins_open_tiny, column_ruins_open_medium,
          column_ruins_columns_corner
D:8:      layout_basic, jmf_multi_god_temple2, nicolae_dithmenos_the_darkroom
D:9:      layout_irregular_city, erik_lair_orcish_takeover,
          kb_lookout_dungeons_type
Temple:   lightli_temple_of_artemis
Lair:1:   layout_loops_ring, gammafunk_ghost_cemetery, beast_lair_carwin_7,
          grunt_megastairs_3, infiniplex_staircase_pool_2, lemuel_fruit_fields
Lair:2:   layout_concentric_octagons, spider_nest_entry_web_field
Lair:3:   layout_long_grid, shoals_dummy_entry, grunt_forest_small_clearings
Lair:4:   layout_loops_ring, dpeg_slime_entry_enclosed, uniq_kirke
Lair:5:   hangedman_lair_caniforms_friends, layout_regular_city, worms_lemuel,
          lemuel_fruit_tree
Shoals:1: layout_shoals, yaktaur_hedge

Skill      XL: |  1  2  3  4  5  6  7  8  9 10 11 12 13 |
---------------+----------------------------------------+-----
Conjurations   | 2 3 4 5 6 7 |  7.4
Spellcasting   | 5 6 7 8 9 |  9.9
Invocations    | 1 2 3 4 5 6 7 8 9 |  9.3
Fighting       | 1 2 3 5 6 7 8 |  8.5
Short Blades   | 1 2 3 5 6 7 8 |  8.5
Long Blades    | 1 2 3 5 6 7 8 |  8.5
Axes           | 1 2 3 5 6 7 8 |  8.5
Maces & Flails | 1 2 3 5 6 7 8 |  8.5
Polearms       | 1 2 3 5 6 7 8 |  8.5
Staves         | 1 2 3 5 6 7 8 |  8.5
Ranged Weapons | 1 2 3 5 6 7 8 |  8.5
Throwing       | 1 2 3 5 6 7 8 |  8.5
Armour         | 1 2 3 5 6 7 8 |  8.5
Shields        | 1 2 3 5 6 7 8 |  8.5
Unarmed Combat | 1 2 3 5 6 7 8 |  8.5
Evocations     | 1 2 3 5 6 7 8 |  8.5
Hexes          | 1 2 3 4 5 6 7 |  7.0
Summonings     | 1 2 3 4 5 6 7 |  7.0
Necromancy     | 1 2 3 4 5 6 7 |  7.0
Translocations | 1 2 3 4 5 6 7 |  7.0
Transmutations | 1 2 3 4 5 6 7 |  7.0
Fire Magic     | 1 2 3 4 5 6 7 |  7.0
Ice Magic      | 1 2 3 4 5 6 7 |  7.0
Earth Magic    | 1 2 3 4 5 6 7 |  7.0
Poison Magic   | 1 2 3 4 5 6 7 |  7.0
Dodging        | 5 6 7 8 9 |  9.7
Stealth        | 5 6 7 8 9 |  9.5
Air Magic      | 6 7 8 9 |  9.0

Action                   |  1- 3 |  4- 6 |  7- 9 | 10-12 | 13-15 || total
-------------------------+-------+-------+-------+-------+-------++-------
Melee: Dagger            |       |    66 |    90 |   193 |    34 ||   383
       Falchion          |       |    25 |     1 |     7 |       ||    33
       Bite              |       |     6 |    12 |    42 |     7 ||    67
       Punch             |       |     1 |     1 |    16 |       ||    18
       Unarmed           |       |       |       |       |     9 ||     9
Throw: Dart              |       |       |     3 |     1 |       ||     4
 Cast: Shock             |    53 |   120 |    92 |    99 |     6 ||   370
       Static Discharge  |     2 |     7 |    34 |    60 |    12 ||   115
       Swiftness         |       |     2 |    12 |    23 |     3 ||    40
       Airstrike         |       |     1 |    46 |   160 |    41 ||   248
       Blink             |       |     1 |     2 |    16 |     2 ||    21
       Hailstorm         |       |       |       |    42 |     8 ||    50
       Mephitic Cloud    |       |       |       |    24 |     4 ||    28
       Irradiate         |       |       |       |     5 |     4 ||     9
Invok: Call Merchant     |       |       |       |     1 |       ||     1
Evoke: Wand              |       |       |     1 |     2 |     2 ||     5
  Use: Potion            |       |       |       |     1 |     2 ||     3
       Scroll            |       |       |       |       |    16 ||    16
 Stab: Sleeping          |       |     3 |     3 |     1 |       ||     7
       Confused          |       |       |       |    17 |     3 ||    20
Armor: Robe              |       |    12 |    47 |    71 |    10 ||   140
Dodge: Dodged            |     5 |    69 |   106 |   204 |    45 ||   429
       Repelled          |       |       |       |       |     2 ||     2
